 Dungeon Crawl Stone Soup version 0.28-a0-724-g66f9036eb4 (webtiles) character file.

Game seed: 5605609841713838878

7 meatgazer the Skirmisher (level 2, -3/27 HPs)
             Began as a Hill Orc Abyssal Knight on Oct 26, 2021.
             Was a Follower of Lugonu.
             Killed from afar by a white imp (9 damage)
             ... with a puff of frost
             ... on level 2 of the Abyss.
             The game lasted 00:00:29 (140 turns).

meatgazer the Skirmisher (Hill Orc Abyssal Knight)   Turns: 140, Time: 00:00:31

Health: -3/27      AC:  3    Str: 15    XL:     2   Next: 0%
Magic:  3/3        EV: 11    Int: 10    God:    Lugonu [*.....]
Gold:   17         SH:  0    Dex: 11    Spells: 1/1 levels left

rFire   . . .      SeeInvis .   a - +1 hand axe
rCold   . . .      Faith    .   (no shield)
rNeg    . . .      Spirit   .   b - +0 leather armour
rPois   .          Reflect  .   (no helmet)
rElec   .          Harm     .   (no cloak)
rCorr   .          Rampage  .   (no gloves)
Will    .....                   (no boots)
Stlth   +.........              (no amulet)
HPRegen 0.09/turn               (no ring)
MPRegen 0.08/turn               (no ring)

@: no status effects
A: no striking features
a: Renounce Religion, Depart the Abyss


You were on level 2 of the Abyss.
You worshipped Lugonu.
Lugonu was aware of your devotion.
You visited 0 branches of the dungeon, and saw 0 of its levels.
You visited the Abyss 1 time.

You collected 17 gold pieces.

Inventory:

Hand Weapons
 a - a +1 hand axe (weapon)
Armour
 b - a +0 leather armour (worn)
Wands
 d - a wand of mindburst (5)
Potions
 c - a potion of heal wounds {unknown}


   Skills:
 + Level 4.0 Fighting
 + Level 2.8 Axes
 + Level 2.3 Armour
 + Level 0.7 Dodging
 + Level 2.5 Invocations


You had one spell level left.
You didn't know any spells.
Your spell library was empty.

Dungeon Overview and Level Annotations

Branches:
Dungeon (0/15)

Altars:


Message History

You blow up the white imp!
Your Fighting skill increases to level 4!
You have reached level 2!
Aiming: Mindburst
Press: ? - help, Shift-Dir - straight line, f - ancient zyme
Aim: an ancient zyme (translocational energy, wandering, hasn't noticed you, chance to affect: 30%)
The ancient zyme's mind is blasted!
You hear a shout!
A white imp comes into view. x2
The white imp gestures at you. The puff of frost misses you.
Aiming: Mindburst
Press: ? - help, Shift-Dir - straight line, f/p - ancient zyme
Aim: an ancient zyme (translocational energy, moderately damaged, chance to affect: 30%)
The ancient zyme easily resists.
The white imp shouts, "Out, out, thou venomed swag-bellied malt-worm!"
The white imp gestures at you. The puff of frost hits you!
You feel yourself growing ill in the presence of the ancient zyme.
Aiming: Mindburst
Press: ? - help, Shift-Dir - straight line, f/p - ancient zyme
Aim: an ancient zyme (moderately damaged, chance to affect: 30%)
The ancient zyme's mind is blasted!
The white imp gestures at you. The puff of frost hits you.
The white imp gestures at you. The puff of frost hits you!
The crimson imp blinks!
Aiming: Mindburst
Press: ? - help, Shift-Dir - straight line, f/p - ancient zyme
Aim: an ancient zyme (heavily damaged, chance to affect: 30%)
The ancient zyme's mind is blasted!
The ancient zyme hits you.
* * * LOW HITPOINT WARNING * * *
The ancient zyme barely misses you.
Aiming: Mindburst
Press: ? - help, Shift-Dir - straight line, f/p - ancient zyme
Aim: an ancient zyme (almost destroyed, chance to affect: 30%)
The ancient zyme easily resists.
The white imp gestures at you. The puff of frost hits you!
You die...

...≈#. .# .....#.
≈.≈...≈..##. #...#...#
≈.≈.5.≈....##.#... ..#
≈.≈5.≈≈5...#.....##....
≈.≈5≈≈≈...#....( ..# ..
...≈≈≈.....#..... .#...
##..#.......###......
#......x5#..#.#.....# #
#..@.....#... #..#
.....#.#....#.. # #.#
### #.....##.#. ...##
#....#.......# .#
#.....#.#. .......
#.#......#........
...###.#### ..# # ..#
.# #.# . .#


You could see an ancient zyme, 2 crimson imps and 3 white imps.

Vanquished Creatures
  A white imp (Abyss:2)
1 creature vanquished.

Notes
Turn   | Place    | Note
-------+----------+-------------------------------------------
     0 | Abyss:1  | meatgazer the Hill Orc Abyssal Knight began the quest for
                  | the Orb.
     0 | Abyss:1  | Reached XP level 1. HP: 19/19 MP: 2/2
    55 | Abyss:1  | Found a corrupted altar of Lugonu.
    57 | Abyss:1  | Found a corrupted altar of Lugonu.
   130 | Abyss:2  | Noticed a crimson imp
   130 | Abyss:2  | Noticed a crimson imp
   133 | Abyss:2  | Noticed a crimson imp
   134 | Abyss:2  | Noticed a crimson imp
   136 | Abyss:2  | Reached skill level 4 in Fighting
   136 | Abyss:2  | Reached XP level 2. HP: 27/27 MP: 3/3
   136 | Abyss:2  | Noticed an ancient zyme
   140 | Abyss:2  | Killed from afar by a white imp

Illustrated notes

Levels and vault maps discovered:
Abyss:2:  base: Temple, guppyfry_abyss_exit_imp_island

Skill      XL: |  1 |
---------------+----+-----
Fighting       | 4 |  4.0
Axes           | |  2.8
Armour         | |  2.3
Dodging        | |  0.7
Invocations    | |  2.5

Action                   || total
-------------------------++-------
Evoke: Wand              ||     6
Dodge: Dodged            ||     2

Table legend: (Time is in decaauts)
 A = Elapsed time spent in this place.
 B = Non-inter-level travel time spent in this place.
 C = Inter-level travel time spent in this place.
 D = Time resting spent in this place.
 E = Time spent auto-exploring this place.
 F = Levels seen in this place.
 G = Mean time per level.
                   A        B        C        D        E       F      G
               +--------+--------+--------+--------+--------+-----+--------+
         Total |    139 |    139 |      0 |      0 |    119 |   2 |   69.5 |
         Abyss |    139 |    139 |      0 |      0 |    119 |   2 |   69.5 |
               +--------+--------+--------+--------+--------+-----+--------+

Top non-repeatable levels by time:
 Abyss:1: 120 daAuts
 Abyss:2: 19 daAuts
